 Dungeon Crawl Stone Soup version 0.32-a0-43-g058985b245 (webtiles) character file.

Game seed: 6699338753830013753

56200 Ceno the Basher (level 14, 0/115 HPs)
             Began as an Armataur Warper on Feb 3, 2024.
             Was the Champion of Elyvilon.
             Slain by a wolf spider simulacrum (19 damage)
             ... on level 14 of the Dungeon on Feb 4, 2024.
             The game lasted 01:11:29 (21404 turns).

Ceno the Basher (Armataur Warper)                  Turns: 21404, Time: 01:11:29

Health: 0/115      AC: 20    Str: 29    XL:     14   Next: 41%
Magic:  0/14       EV:  7    Int: 15    God:    Elyvilon [******]
Gold:   1428       SH:  0    Dex:  9    Spells: 14/16 levels left

rFire   + . .        a - +6 mace "Kauxt" {freeze, rPois MP-9 Int+2}
rCold   . . .        (no shield)
rNeg    + . .        X - +2 plate armour
rPois   +            w - +2 hat
rElec   .            r - +2 cloak
rCorr   .            P - +0 pair of gloves "Wafy Moch" {rPois}
SInv    .            (no barding)
Will    +....        V - amulet of guardian spirit Stlth
                     u - ring of Jycvei {rF+ rN+ Slay+6}
HPRegen 0.39/turn    B - +6 ring of strength
MPRegen 0.14/turn

%: guardian spirit, roll
@: no status effects
A: large, deformed body, tough skin 3, armoured tail, roll 2
a: Renounce Religion, Purification, Heal Other, Heal Self, Divine Vigour


You were on level 14 of the Dungeon.
You worshipped Elyvilon.
Elyvilon was exalted by your worship.
You visited 3 branches of the dungeon, and saw 20 of its levels.

You collected 1428 gold pieces.

Inventory:

Hand Weapons
 a - the +6 mace "Kauxt" (weapon) {freeze, rPois MP-9 Int+2}
   (You found it on level 3 of the Dungeon)

   Int+2:     It affects your intelligence (+2).
   rPois:     It protects you from poison MP-9: It affects your magic capacity
   (-9).
 b - a +2 morningstar
Missiles
 f - 195 stones
 i - 4 curare-tipped darts
 k - 5 javelins
 v - 5 boomerangs
 G - 16 poisoned darts
 I - a throwing net
 J - 4 atropa-tipped darts
Armour
 g - a +0 tower shield
 r - a +2 cloak (worn)
 w - a +2 hat (worn)
 P - the +0 pair of gloves "Wafy Moch" (worn) {rPois}
   (You found it on level 9 of the Dungeon)

   rPois:     It protects you from poison
 X - a +2 plate armour (worn)
Jewellery
 h - a ring of protection from cold
 u - the ring of Jycvei (left hand) {rF+ rN+ Slay+6}
   (You found it on level 3 of the Dungeon)

   [ring of protection from fire]

   Slay+6:    It affects your accuracy & damage with ranged weapons and melee
   (+6).
   rF+:       It protects you from fire.
   rN+:       It protects you from negative energy.
 B - a +6 ring of strength (right hand)
 V - an amulet of guardian spirit (around neck)
Wands
 e - a wand of digging (5)
 s - a wand of mindburst (26)
 x - a wand of flame (14)
 Q - a wand of quicksilver (15)
 W - a wand of iceblast (4)
Scrolls
 c - 3 scrolls of blinking
 j - 2 scrolls of immolation
 m - a scroll of vulnerability
 p - 16 scrolls of teleportation
 t - a scroll of torment {unknown}
 y - a scroll of brand weapon {unknown}
 K - a scroll of fear {unknown}
 L - a scroll of fog
 M - a scroll of enchant weapon
 S - a scroll of poison
 T - a scroll of silence {unknown}
 U - 2 scrolls of revelation {unknown}
 Z - a scroll of amnesia
Potions
 l - 4 potions of curing
 n - 2 potions of berserk rage
 o - 4 potions of lignification
 q - 4 potions of brilliance
 z - 2 potions of resistance
 A - a potion of heal wounds
 C - 3 potions of might
 D - a potion of magic
 E - 2 potions of enlightenment
 F - 3 potions of attraction
 H - 4 potions of haste
 N - a potion of ambrosia
 O - a potion of cancellation
 Y - 3 potions of invisibility


   Skills:
 - Level 8.0 Fighting
 + Level 13.0 Maces & Flails
 + Level 5.3 Throwing
 - Level 8.0 Armour
 - Level 8.0 Dodging
 - Level 1.7 Spellcasting
 - Level 8.0 Translocations
 - Level 3.4 Air Magic
 + Level 12.6 Invocations


You had 14 spell levels left.
You knew the following spells:

 Your Spells              Type           Power      Damage    Failure   Level
a - Blink                 Tloc           50%        N/A       11%         2

Your spell library contained the following spells:

 Spells                   Type           Power      Damage    Failure   Level
 Lesser Beckoning         Tloc           50%        N/A       11%         2
 Teleport Other           Tloc           25%        N/A       22%         3
 Momentum Strike          Conj/Tloc      26%        3d8       50%         2
 Manifold Assault         Tloc           25%        N/A       58%         4
 Cigotuvi's Dreadful Rot  Necr/Alch/Air  8%         N/A       88%         2
 Vhi's Electric Charge    Tloc/Air       36%        N/A       88%         4
 Call Imp                 Summ           2%         N/A       96%         2
 Jinxbite                 Hex            2%         N/A       96%         2
 Sublimation of Blood     Necr           1%         N/A       96%         2
 Inner Flame              Hex/Fire       1%         N/A       99%         3
 Animate Armour           Summ/Erth      2%         N/A       100%        4
 Flame Wave               Conj/Fire      1%         2d4       100%        4
 Ignite Poison            Fire/Alch      1%         N/A       100%        4
 Sticky Flame             Fire/Alch      1%         2d4       100%        4
 Summon Blazeheart Golem  Fire/Summ      1%         N/A       100%        4
 Summon Lightning Spire   Summ/Air       6%         N/A       100%        4
 Freezing Cloud           Conj/Ice/Air   2%         6-21      100%        5
 Lee's Rapid Deconstruct  Erth           0%         3d4*      100%        5
 Summon Forest            Summ/Tloc      6%         N/A       100%        5
 Yara's Violent Unravell  Hex/Alch       0%         3d3       100%        5
 Eringya's Noxious Bog    Alch           0%         4d6       100%        6
 Enfeeble                 Hex            0%         N/A       100%        7
 Orb of Destruction       Conj           0%         9d5       100%        7
 Spellforged Servitor     Conj/Summ      0%         N/A       100%        7
 Summon Hydra             Summ           0%         N/A       100%        7


Dungeon Overview and Level Annotations

Branches:
Dungeon (14/15)            Temple (1/1) D:5            Lair (5/5) D:9
  Swamp (0/4) Lair:2        Snake (0/4) Lair:2        Slime (0/5) Lair:4
    Orc (0/2) D:9
 Vaults: D:13-14

Altars:
Ashenzari
Cheibriados
Dithmenos
Elyvilon
Fedhas
Gozag
Hepliaklqana
Kikubaaqudgha
Makhleb
Nemelex Xobeh
Okawaru
Qazlal
Ru
Sif Muna
Trog
Uskayaw
Vehumet
Wu Jian
Xom
Yredelemnul
Zin
The Shining One
Jiyva

Shops:
D:2 *

Annotations:
D:7 1 runed translucent door, Maggie; RockinRobin's ghost, novice DsCK
D:10 Erolcha; Lodul
D:11 1 runed translucent door, exclusion: door, Azoth's ghost, journeyman TrSh
D:12 3 runed translucent doors, cforsyth's ghost, journeyman DjHW
D:14 Josephine
Lair:1 1 runed translucent door
Lair:4 exclusion: oklob plant


Innate Abilities, Weirdness & Mutations

Armour fits poorly on your strangely shaped body.
You have extremely tough skin. (AC +3)
You have a long armoured tail.
You regenerate magic and health when rolling toward enemies. (Rampage Regen)


Message History

You tail-slap the wolf spider simulacrum.
The wolf spider simulacrum is heavily damaged.
The wolf spider simulacrum barely misses you.
The wolf spider simulacrum bites you but does no damage.
You hit the wolf spider simulacrum.
The wolf spider simulacrum is heavily damaged.
The wolf spider simulacrum hits you.
The wolf spider simulacrum freezes you!!
The wolf spider simulacrum bites you but does no damage.
You are too injured to fight recklessly!
You are too injured to fight recklessly!
You are too injured to fight recklessly!
You barely miss the wolf spider simulacrum.
The wolf spider simulacrum is heavily damaged.
The wolf spider simulacrum hits you!
The wolf spider simulacrum freezes you!!
* * * LOW HITPOINT WARNING * * *
The wolf spider simulacrum bites you.
* * * LOW HITPOINT WARNING * * *
The wolf spider simulacrum freezes you!!
Elyvilon protects you from harm!
Casting: Blink (safe; 11% risk of failure)
Confirm with . or Enter, or press ? or * to list all spells.
You don't have enough magic to cast this spell.
Throw: dart (disperse)
Press: ? - help, Q - select action, (/) - cycle Shift-Dir - straight line, f - wolf spider simulacrum
Aim: a wolf spider simulacrum (heavily damaged, 82% to hit)
You throw a dart of dispersal.
The dart of dispersal hits the wolf spider simulacrum.
The wolf spider simulacrum blinks!
Things that are here:
a vampire mosquito corpse; a vampire mosquito corpse; a vampire mosquito corpse The wolf spider simulacrum attacks as it pursues you!
The wolf spider simulacrum hits you but does no damage.
The wolf spider simulacrum bites you but does no damage.
The wolf spider simulacrum attacks as it pursues you!
The wolf spider simulacrum hits you.
* * * LOW HITPOINT WARNING * * *
The wolf spider simulacrum freezes you!!
You die...

#....#####..........
#.........).........
##....#####.........
#....~≈≈≈~.........
#..#.~≈≈≈~.........
##.##~≈≈≈~.........
#†###≈≈≈######'#..
#Z# ≈≈≈# #..))###
#@# ≈≈≈###'####
#####<####≈###.....#
#..).....### #.....#
#....[...# #.....#
#....<...#####.)...+
#........##.>'.....#
#........#..##.....#
#........#.###.....#
#........#.# #######


You could see a wolf spider simulacrum.

Vanquished Creatures
  Snorg (Lair:4)
  A catoblepas (Lair:5)
  3 boulder beetles
  2 two-headed ogres
  6 centaur warriors
  3 death yaks (Lair:3)
  Sonja (Lair:4)
  A swamp dragon (Lair:5)
  3 ugly things
  A manticore (D:11)
  3 cyclopes
  9 elephants (Lair:5)
  A gargoyle (D:10)
  3 black mambas
  10 cane toads
  Psyche (D:7)
  4 rime drakes
  11 komodo dragons
  A polar bear (Lair:5)
  6 trolls
  A tyrant leech (Lair:2)
  20 blink frogs
  10 slime creatures (D:12)
  A centaur simulacrum (D:14)
  2 vampires
  2 shadows
  4 fire bats (D:11)
  7 wraiths
  43 yaks
  A human (Lair:1)
  A fire elemental (D:11)
  Grum (D:8)
  6 vampire mosquitoes
  7 basilisks
  3 steam dragons
  3 nagas (Lair:2)
  13 water moccasins
  3 acid dragons
  A hell hound (D:11)
  3 orc warriors (D:9)
  An ice beast (D:5)
  19 wolves
  2 ogres (D:9)
  8 centaurs
  2 kobold brigands
  Blork the orc (D:5)
  6 bullfrogs
  4 scorpions
  13 wights
  12 killer bees
  15 howler monkeys
  2 bombardier beetles
  5 hounds
  2 jellies
  A gnoll bouda (D:7)
  5 orc priests
  10 iguanas
  A sleepcap (D:5)
  Natasha (thrice) (D:4)
  7 orc wizards
  Robin (D:4)
  8 adders
  6 gnolls
  2 shadow imps (D:7)
  5 white imps (D:14)
  5 ufetubi
  4 ribbon worms
  A dart slug (D:5)
  42 orcs
  7 ball pythons
  8 endoplasms
  3 giant cockroaches (D:1)
  17 goblins
  3 hobgoblins
  3 jackals (D:1)
  12 kobolds
  4 quokkas
  6 bats
  3 frilled lizards
  7 rats
  A spectral goblin (D:1)
  A butterfly (Lair:3)
471 creatures vanquished.

Vanquished Creatures (others)
  2 death yaks (Lair:3)
  A yak (Lair:5)
  A black bear (Lair:1)
  3 killer bees (D:10)
7 creatures vanquished.

Grand Total: 478 creatures vanquished

Notes
Turn   | Place    | Note
-------+----------+-------------------------------------------
     0 | D:1      | Ceno the Armataur Warper began the quest for the Orb.
     0 | D:1      | Reached XP level 1. HP: 17/17 MP: 3/3
    45 | D:1      | Reached skill level 2 in Maces & Flails
    92 | D:1      | Reached XP level 2. HP: 22/24 MP: 4/4
   337 | D:1      | Reached XP level 3. HP: 29/29 MP: 5/5
   703 | D:1      | Found a faded altar of an unknown god.
   932 | D:2      | Found a white marble altar of Elyvilon.
   942 | D:2      | Found Juckinlusi's Assorted Antiques.
   943 | D:2      | Became a worshipper of Elyvilon the Healer
  1155 | D:2      | Reached skill level 3 in Maces & Flails
  1179 | D:2      | Reached XP level 4. HP: 30/37 MP: 6/6
  2033 | D:3      | Reached * piety under Elyvilon
  2036 | D:3      | Identified the +6 mace "Kauxt" {freeze, rPois MP-9 Int+2}
  2071 | D:3      | Identified the ring of Jycvei {rF+ rN+ Slay+6}
  2488 | D:4      | Reached XP level 5. HP: 44/44 MP: 0/7
  2529 | D:4      | Noticed Natasha
  2620 | D:4      | Reached ** piety under Elyvilon
  2654 | D:4      | Noticed Robin
  2717 | D:4      | Killed Robin
  2856 | D:4      | Killed Natasha
  2857 | D:4      | Reached skill level 4 in Maces & Flails
  2889 | D:4      | Noticed Natasha
  2895 | D:4      | Killed Natasha
  2902 | D:4      | Noticed Natasha
  2910 | D:4      | Killed Natasha
  2911 | D:4      | Reached XP level 6. HP: 37/51 MP: 0/8
  3050 | D:5      | Entered Level 5 of the Dungeon
  3075 | D:5      | Noticed a water moccasin
  3099 | D:5      | Killed a water moccasin
  3147 | D:5      | Found a burning altar of Makhleb.
  3149 | D:5      | Found a white marble altar of Elyvilon.
  3150 | D:5      | Found a snail-covered altar of Cheibriados.
  3151 | D:5      | Found a radiant altar of Vehumet.
  3151 | D:5      | Found a blossoming altar of Fedhas.
  3151 | D:5      | Found an iron altar of Okawaru.
  3151 | D:5      | Found a bloodstained altar of Trog.
  3152 | D:5      | Found a hazy altar of Hepliaklqana.
  3153 | D:5      | Found a shimmering altar of Xom.
  3154 | D:5      | Found a sparkling altar of Nemelex Xobeh.
  3155 | D:5      | Found an ancient bone altar of Kikubaaqudgha.
  3156 | D:5      | Found a basalt altar of Yredelemnul.
  3201 | D:5      | Noticed an ice beast
  3245 | D:5      | Noticed an ice beast
  3258 | D:5      | Learned a level 2 spell: Blink
  3301 | D:5      | Noticed an ice beast
  3323 | D:5      | Killed an ice beast
  3324 | D:5      | Reached skill level 5 in Maces & Flails
  3324 | D:5      | Gained mutation: You regenerate magic and health when
                  | rolling toward enemies. (Rampage Regen) [Armataur growth]
  3324 | D:5      | Reached XP level 7. HP: 30/58 MP: 0/9
  3434 | D:5      | Found a staircase to the Ecumenical Temple.
  3447 | Temple   | Entered the Ecumenical Temple
  3644 | D:5      | Noticed Blork the orc
  3648 | D:5      | Killed Blork the orc
  3686 | D:5      | Reached *** piety under Elyvilon
  3694 | D:5      | Reached skill level 5 in Armour
  3914 | D:6      | Reached skill level 6 in Maces & Flails
  3914 | D:6      | Reached skill level 1 in Invocations
  3950 | D:6      | Reached XP level 8. HP: 67/67 MP: 1/10
  4199 | D:6      | Reached skill level 5 in Fighting
  4653 | D:7      | Reached XP level 9. HP: 40/74 MP: 2/11
  4667 | D:7      | Reached **** piety under Elyvilon
  4809 | D:7      | Reached skill level 7 in Maces & Flails
  4900 | D:7      | Found a runed translucent door.
  4900 | D:7      | Noticed RockinRobin's ghost (novice DsCK)
  4941 | D:7      | Identified the +1 sling "Cituck" {flame, Int+3}
  4943 | D:7      | Found the +13 scythe of Curses {drain, curses, ^Drain}
  5400 | D:8      | Noticed Psyche
  5468 | D:8      | Noticed Maggie
  5694 | D:8      | Noticed Grum
  5837 | D:8      | Reached skill level 5 in Invocations
  6408 | D:8      | Reached XP level 10. HP: 45/81 MP: 5/14
  6508 | D:8      | Reached skill level 8 in Maces & Flails
  6544 | D:7      | Killed Psyche
  6757 | D:8      | Killed Grum
  6838 | D:8      | Reached skill level 5 in Translocations
  7200 | D:8      | Identified the +4 arbalest of Checkmate {freeze, rN+ Int+2
                  | SInv}
  7540 | D:9      | Identified the +0 pair of gloves "Wafy Moch" {rPois}
  7543 | D:9      | Paralysed by a hornet for 3 turns
  7934 | D:9      | Found a staircase to the Orcish Mines.
  7953 | D:9      | Found a staircase to the Lair.
  8739 | Lair:1   | Entered Level 1 of the Lair of Beasts
  8771 | Lair:1   | Reached skill level 9 in Maces & Flails
  8852 | Lair:1   | Noticed a catoblepas
  8873 | Lair:1   | Pacified a catoblepas
  8874 | Lair:1   | Reached XP level 11. HP: 84/94 MP: 0/16
  9754 | Lair:1   | Found a runed translucent door.
  9755 | Lair:1   | Noticed a reaper
 10313 | Lair:2   | Found a staircase to the Snake Pit.
 10381 | Lair:2   | Reached skill level 10 in Maces & Flails
 10516 | Lair:2   | Found a staircase to the Swamp.
 10677 | Lair:2   | Reached XP level 12. HP: 101/101 MP: 9/18
 11013 | Lair:2   | Reached skill level 1 in Air Magic
 12161 | Lair:3   | Noticed a death yak
 12161 | Lair:3   | Noticed a death yak
 12161 | Lair:3   | Noticed a death yak
 12166 | Lair:3   | Pacified a death yak
 12170 | Lair:3   | Noticed a death yak
 12171 | Lair:3   | Noticed a death yak
 12173 | Lair:3   | Killed a death yak
 12175 | Lair:3   | Pacified a death yak
 12175 | Lair:3   | Noticed a death yak
 12178 | Lair:3   | Killed a death yak
 12179 | Lair:3   | Pacified a death yak
 12184 | Lair:3   | Killed a death yak
 12185 | Lair:3   | Reached skill level 5 in Dodging
 12189 | Lair:3   | Killed a death yak
 12202 | Lair:3   | Killed a death yak
 12658 | Lair:4   | Found a viscous altar of Jiyva.
 12677 | Lair:4   | Noticed an eight-headed hydra
 12681 | Lair:4   | Pacified an eight-headed hydra
 12849 | Lair:4   | Reached skill level 10 in Invocations
 12873 | Lair:4   | Reached skill level 11 in Maces & Flails
 12898 | Lair:4   | Noticed Sonja
 12975 | Lair:4   | Killed Sonja
 13105 | Lair:4   | Noticed Snorg
 13361 | Lair:4   | Killed Snorg
 13572 | Lair:4   | Noticed a five-headed hydra
 13573 | Lair:4   | Pacified a five-headed hydra
 13585 | Lair:4   | Found a staircase to the Slime Pits.
 14063 | Lair:5   | Entered Level 5 of the Lair of Beasts
 14261 | Lair:5   | Reached XP level 13. HP: 101/107 MP: 11/20
 14940 | Lair:5   | Reached skill level 1 in Throwing
 14987 | Lair:5   | Reached skill level 12 in Maces & Flails
 16101 | D:10     | Entered Level 10 of the Dungeon
 16218 | D:10     | Noticed Erolcha
 17074 | D:10     | Noticed Lodul
 17330 | D:11     | Reached ***** piety under Elyvilon
 17357 | D:11     | Found a runed translucent door.
 17359 | D:11     | Noticed Azoth's ghost (journeyman TrSh)
 18741 | D:12     | Found a runed translucent gate.
 18742 | D:12     | Found a runed translucent gate.
 18743 | D:12     | Found a runed translucent gate.
 19021 | D:12     | Noticed cforsyth's ghost (journeyman DjHW)
 19116 | D:12     | Reached XP level 14. HP: 115/115 MP: 14/23
 20214 | D:13     | Identified the +2 pair of boots of Ditaj {Will+}
 20859 | D:14     | Noticed Josephine
 21047 | D:14     | Reached ****** piety under Elyvilon
 21204 | D:14     | Reached skill level 5 in Throwing
 21312 | D:14     | Reached skill level 13 in Maces & Flails
 21392 | D:14     | Elyvilon protects you from harm!
 21404 | D:14     | Slain by a wolf spider simulacrum

Illustrated notes

Levels and vault maps discovered:
D:1:      psy_arrival_whirlpool, layout_rooms,
          dreamdust_ecumenical_altar_drowned_temple, minivault_14,
          kennysheep_nondescript, dreamdust_wishing_well,
          kennysheep_pointless_box, hangedman_decor_clover_reticule
D:2:      layout_loops_ring, serial_shops, shop, serial_aquarium,
          aquarium_bridge_straight [aquarium_subvault_bridge,
          aquarium_subvault_wall, aquarium_subvault_bridge,
          aquarium_subvault_window], aquarium_window_fake,
          aquarium_window_corridor_3, aquarium_window_1, aquarium_window_fake,
          aquarium_view_2b, aquarium_view_2b, basic_altar
D:3:      minmay_general_purpose_star, layout_rooms, st_stairs_8
D:4:      layout_cave_pools, uniq_natasha, uniq_robin
D:5:      layout_basic, minitemple, temple_pool_b, uniq_blork_the_orc
D:6:      layout_rooms, minmay_misc_feat_columns, chequers_serial_rivers_micro_a
D:7:      layout_loops_ring, hellmonk_ghost_happy_afterlife,
          kennysheep_generic_room_8
D:8:      layout_cave_pools, uniq_maggie, uniq_psyche, uniq_grum
D:9:      layout_cave_pods, lair_entry_dummy, david_orc_3
D:10:     layout_layer_cave, uniq_erolcha, uniq_lodul
D:11:     layout_layer_cave, ebering_ghost_reflecting_pool,
          hangedman_incinerator
D:12:     layout_basic, ebering_ghost_rock_garden, hex_medium
D:13:     layout_irregular_city
D:14:     layout_roguey, grunt_vaults_entry_fortified, serial_ice, serial_ice_e,
          serial_ice_l, serial_ice_m, serial_ice_h, serial_ice_c, serial_ice_n,
          serial_ice_o, uniq_josephine
Temple:   eino_wide_crystal_templ
Lair:1:   layout_regular_city, pdpol_lair_cabin_in_the_woods, lemuel_fruit_tree,
          lemuel_fruit_fields
Lair:2:   layout_cave_shapes, minmay_swamp_entry_worms,
          minmay_snake_entry_guardpost_small, st_stairs_11, minmay_hedge_maze
Lair:3:   layout_misc_corridors, grunt_megastairs_1, lemuel_fruit_fields,
          serial_bayou_shore_b, lemuel_fruit_fields, infiniplex_staircase_pool
Lair:4:   layout_roguey, minmay_slime_entry_oklob_open, grunt_megastairs_4,
          uniq_sonja, uniq_snorg
Lair:5:   guppyfry_lair_end_dragon, layout_small_grid, grunt_megastairs_3,
          serial_bayou_shore_b, serial_bayou_shore_b

Skill      XL: |  1  2  3  4  5  6  7  8  9 10 11 12 13 14 |
---------------+-------------------------------------------+-----
Maces & Flails | 2 3 4 5 6 7 9 10 11 12 13 | 13.0
Fighting       | 2 3 4 5 6 8 |  8.0
Armour         | 2 3 4 5 7 8 |  8.0
Invocations    | 1 3 5 7 8 10 12 | 12.6
Translocations | 4 6 8 |  8.0
Dodging        | 4 6 7 8 |  8.0
Air Magic      | 3 |  3.4
Throwing       | 3 5 |  5.3
Spellcasting   | |  1.7

Action                     |  1- 3 |  4- 6 |  7- 9 | 10-12 | 13-15 || total
---------------------------+-------+-------+-------+-------+-------++-------
  Melee: Mace              |   126 |   142 |   247 |   428 |   571 ||  1514
         Tailslap          |     6 |    13 |    27 |    68 |   114 ||   228
         Punch             |       |     1 |     7 |    10 |    10 ||    28
         Unarmed           |       |       |       |     1 |       ||     1
  Throw: Dart              |       |     1 |     1 |     6 |    12 ||    20
         Boomerang         |       |       |       |       |    28 ||    28
         Stone             |       |       |       |       |     3 ||     3
   Cast: Blink             |       |       |       |     1 |     1 ||     2
 Invoke: Heal Other        |       |       |     1 |    17 |     8 ||    26
         Heal Self         |       |       |       |     9 |       ||     9
    Use: Scroll            |       |     5 |     3 |    14 |     6 ||    28
         Potion            |       |       |       |     2 |       ||     2
   Stab: Petrified         |       |       |       |       |     8 ||     8
 Armour: Leather armour    |    57 |       |       |       |       ||    57
         Ring mail         |    47 |   115 |   241 |   148 |       ||   551
         Scale mail        |       |       |       |   259 |       ||   259
         Skin              |       |       |       |    13 |       ||    13
         Plate armour      |       |       |       |   191 |   557 ||   748
  Dodge: Dodged            |    61 |    53 |   123 |   249 |   163 ||   649

Table legend: (Time is in decaauts)
 A = Elapsed time spent in this place.
 B = Non-inter-level travel time spent in this place.
 C = Inter-level travel time spent in this place.
 D = Time resting spent in this place.
 E = Time spent auto-exploring this place.
 F = Levels seen in this place.
 G = Mean time per level.
                   A        B        C        D        E       F      G
               +--------+--------+--------+--------+--------+-----+--------+
         Total |  21411 |  20684 |    727 |   3856 |  10342 |  20 | 1070.6 |
       Dungeon |  14150 |  13684 |    466 |   2277 |   6604 |  14 | 1010.7 |
        Temple |      7 |      7 |      0 |      0 |      0 |   1 |    7.0 |
          Lair |   7253 |   6992 |    261 |   1579 |   3738 |   5 | 1450.6 |
               +--------+--------+--------+--------+--------+-----+--------+

Top non-repeatable levels by time:
     D:7: 1730 daAuts
  Lair:5: 1715 daAuts
     D:9: 1596 daAuts
    D:11: 1561 daAuts
  Lair:1: 1556 daAuts
  Lair:2: 1496 daAuts
  Lair:3: 1360 daAuts
     D:8: 1178 daAuts
  Lair:4: 1124 daAuts
    D:12: 1110 daAuts
    D:13: 1099 daAuts
     D:2: 1013 daAuts
     D:1: 905 daAuts
    D:10: 806 daAuts
     D:5: 717 daAuts
